 Dungeon Sprint DCSS version 0.26-a0-67-g850bfe61e3 (webtiles) character file.

Game seed: 3020107568092927705

7045 Conn the Eclecticist (level 11, -2/65 (66) HPs)
             Began as an Octopode Wizard on June 12, 2020.
             Was a High Priest of Sif Muna.
             Slain by a demonic crawler (4 damage)
             ... in the Dungeon (Sprint I: "Red Sonja").
             The game lasted 00:44:34 (2793 turns).

Conn the Eclecticist (Octopode Wizard)              Turns: 2793, Time: 00:44:35

HP:   -2/65 (66)    AC:  1    Str:  8    XL:     11   Next: 9%
MP:   4/40          EV: 15    Int: 31    God:    Sif Muna [*****.]
Gold: 241           SH:  0    Dex: 10    Spells: 2/42 levels left

rFire    + . .     SeeInvis +   j - +3 scythe "Lulobet" {flame, rPois rN++} (curse)
rCold    + . .     Gourm    .   (shield currently unavailable)
rNeg     + + .     Faith    .   a - +0 hat
rPois    +         Spirit   .   (no amulet)
rElec    .         Reflect  .   q - +6 ring of intelligence
rCorr    .         Harm     .   r - ring of magical power
MR       .....     NoTele   +   s - ring of see invisible
Stlth    +++.......             t - ring of protection from cold
HPRegen  0.20/turn              u - ring of protection from fire
MPRegen  0.27/turn              (no ring)
                                (no ring)
                                (no ring)

@: very slightly contaminated, hasted, very quick
A: almost no armour, stealthy swim, amphibious, 8 rings, constrict 8, camouflage
1, strong 1, gelatinous body 1
a: Channel Magic, Forget Spell, Divine Exegesis, Renounce Religion


You were in the Dungeon.
You worshipped Sif Muna.
Sif Muna was extremely pleased with you.
You were very hungry.

You visited 1 branch You collected 1488 gold pieces.
You spent 1247 gold pieces at shops.

Inventory:

Hand Weapons
 b - a +2 vorpal fustibalus
 h - a +0 scythe
 j - the cursed +3 scythe "Lulobet" (weapon) {flame, rPois rN++}
   (You bought it in a shop in the Dungeon)

   It has been specially enchanted to burn those struck by it, causing extra
   injury to most foes and up to half again as much damage against particularly
   susceptible opponents.
   Big, fiery blades are also staple armaments of hydra-hunters.
   It protects you from poison.
   It greatly protects you from negative energy.
   It has a curse placed upon it.
 k - a +3 dagger of distortion
Missiles
 l - 7 curare-tipped darts (quivered)
 n - a throwing net
Armour
 a - a +0 hat (worn)
Jewellery
 q - a +6 ring of intelligence (left tentacle)
 r - a ring of magical power (right tentacle)
 s - a ring of see invisible (on tentacle)
 t - a ring of protection from cold (on tentacle)
 u - a ring of protection from fire (on tentacle)
Wands
 m - a wand of polymorph (6)
Scrolls
 p - a scroll of remove curse {unknown}
Potions
 d - 3 potions of curing
 e - 2 potions of heal wounds
 g - 2 potions of magic
Miscellaneous
 o - a phantom mirror
Comestibles
 c - 2 rations


   Skills:
 + Level 2.9 Fighting
 + Level 3.6 Polearms
 + Level 1.6 Throwing
 + Level 5.5 Dodging
 - Level 2.6 Stealth
 + Level 16.1 Spellcasting
 * Level 10.1 Conjurations
 + Level 2.0 Hexes
 + Level 7.6 Summonings
 + Level 0.1 Necromancy
 * Level 5.9 Translocations
 * Level 5.8 Fire Magic
 - Level 5.0 Ice Magic
 + Level 3.6 Air Magic
 + Level 4.3 Poison Magic
 - Level 5.6 Invocations


You had 2 spell levels left.
You knew the following spells:

 Your Spells              Type           Power        Failure   Level  Hunger
a - Magic Dart            Conj           ####         1%          1    None
b - Blink                 Tloc           N/A          1%          2    None
c - Call Imp              Summ           ######..     1%          2    None
d - Conjure Flame         Conj/Fire      ######..     1%          3    None
e - Mephitic Cloud        Conj/Pois/Air  ######..     1%          3    None
f - Animate Skeleton      Necr           N/A          1%          1    None
g - Summon Guardian Gole  Hex/Summ       ######..     1%          3    None
h - Iskenderun's Mystic   Conj/Tloc      ######..     1%          4    None
i - Apportation           Tloc           ######       1%          1    None
j - Irradiate             Conj/Tmut      ######....   6%          5    None
k - Summon Ice Beast      Ice/Summ       ######..     1%          4    None
l - Searing Ray           Conj           ######       1%          2    None
m - Sticky Flame          Conj/Fire      ######..     1%          4    None
n - Lightning Bolt        Conj/Air       ######....   3%          5    None

Your spell library contained the following spells:

 Spells                   Type           Power        Failure   Level  Hunger
 Beastly Appendage        Tmut           ###...       1%          1    None
 Corona                   Hex            #####..      1%          1    None
 Summon Small Mammal      Summ           ####         1%          1    None
 Poisonous Vapours        Pois/Air       #####.       1%          2    None
 Slow                     Hex            #####...     1%          2    None
 Swiftness                Chrm/Air       #####...     1%          2    None
 Call Canine Familiar     Summ           ######..     1%          3    None
 Dazzling Flash           Conj/Hex       ######       1%          3    None
 Frozen Ramparts          Ice            ######       1%          3    None
 Fulminant Prism          Conj/Hex       ######....   1%          4    None
 Summon Lightning Spire   Summ/Air       ######..     1%          4    None
 Aura of Abjuration       Summ           ######....   1%          5    None
 Leda's Liquefaction      Hex/Erth       ####......   12%         4    None
 Yara's Violent Unravell  Hex/Tmut       ####......   32%         5    None
 Ozocubu's Refrigeration  Ice            ######....   34%         6    ##.....
 Malign Gateway           Summ/Tloc      ######....   65%         7    #####..
 Dragon Form              Tmut           ###.......   100%        7    #####..
 Chain Lightning          Conj/Air       ######....   100%        8    ######.


Dungeon Overview and Level Annotations

Branches:
Dungeon (1/1)

Altars:
Cheibriados
Dithmenos
Elyvilon
Fedhas
Gozag
Hepliaklqana
Kikubaaqudgha
Makhleb
Nemelex Xobeh
Okawaru
Qazlal
Ru
Sif Muna
Trog
Uskayaw
Vehumet
Wu Jian
Xom
Yredelemnul
Zin
The Shining One
Jiyva
Lugonu

Shops:
D }?[*(!!=!=*!}%!%(}([!


Innate Abilities, Weirdness & Mutations

You cannot wear most types of armour.
You are very stealthy in the water. (Stealth+)
You are amphibious.
You can wear up to eight rings at the same time.
You can use your tentacles to constrict eight enemies at once.
Your skin changes colour to match your surroundings (Stealth+).
Your rubbery body absorbs attacks. (AC +1, EV +1)
Your muscles are strong. (Str +2)


Message History

The demonic crawler hits you!
* * * LOW HITPOINT WARNING * * *
Something completely misses your guardian golem.
Something barely misses your guardian golem.
Something hits your guardian golem!
The demonic crawler is engulfed in blazing flames.
There is an open door here.
You see here a demonic crawler corpse.
A gargoyle comes into view. It is wielding a +0 flail.
Something hits your guardian golem.
Something hits your guardian golem but does no damage. x2
There is an open door here.
Blink to where?
Press: ? - help, Dir - move target cursor You are very lightly contaminated with residual magic.
As you read the scroll of blinking, it crumbles to dust.
The demonic crawler hits you!
* * * LOW HITPOINT WARNING * * *
The demonic crawler misses you. The demonic crawler hits you.
You die...

#######################
#..'..#.['.§#__#@8†s..#
5..#..'..#..'^.'s.#...##+#
#####'#####'#__####..s§..#
####..#...#(####§§#####9.+
#__####..##.#Z§§§§#§.# '##
#_____##'#_.'§≈≈§§§§.# .○
#_.∩...'..._#§§§.§#§§# ○°°
#_..__##_.#'##§#####§###.°°
#_____###'#.#(.[.###.Z.#°°.#


You could see 3 demonic crawlers, a gargoyle and a friendly guardian golem
(summoned).

Vanquished Creatures
  A centaur warrior (D)
  2 unseen horrors (D)
  A deep troll (D)
  An oklob plant (D)
  A demonic crawler (D)
  A kobold demonologist (D)
  A slime creature (D)
  A hornet (D)
  A yak (D)
  A floating eye (D)
  5 necrophages (D)
  2 jellies (D)
  Ijyb (D)
  A ballistomycete spore (D)
20 creatures vanquished.

Vanquished Creatures (collateral kills)
  Sonja (D)
  8 shining eyes (D)
  A kobold demonologist (D)
  2 redbacks (D)
  Sigmund (D)
  5 floating eyes (D)
  2 necrophages (D)
  An ogre (D)
  6 jellies (D)
27 creatures vanquished.

Vanquished Creatures (others)
  A centaur warrior (D)
  A gargoyle (D)
  A ballistomycete spore (D)
3 creatures vanquished.

Grand Total: 50 creatures vanquished

Notes
Turn   | Place    | Note
-------+----------+-------------------------------------------
     0 | D        | Conn the Octopode Wizard began the quest for the Orb.
     0 | D        | Reached XP level 1. HP: 11/11 MP: 4/4
     1 | D        | Noticed Ijyb
    21 | D        | Killed Ijyb
    21 | D        | Reached skill level 5 in Spellcasting
    21 | D        | Reached XP level 2. HP: 5/17 MP: 1/8
    21 | D        | Reached XP level 3. HP: 6/21 MP: 1/9
   254 | D        | Noticed an ogre
   266 | D        | Learned a level 2 spell: Blink
   269 | D        | Learned a level 2 spell: Call Imp
   273 | D        | Learned a level 3 spell: Conjure Flame
   277 | D        | Learned a level 3 spell: Mephitic Cloud
   313 | D        | Killed an ogre
   313 | D        | Reached skill level 7 in Spellcasting
   313 | D        | Reached XP level 4. HP: 27/27 MP: 1/13
   413 | D        | Noticed Sigmund
   426 | D        | Killed Sigmund
   426 | D        | Reached skill level 9 in Spellcasting
   426 | D        | Reached XP level 5. HP: 32/32 MP: 3/16
   521 | D        | Found an ornate altar of the Wu Jian Council.
   521 | D        | Found a shimmering blue altar of Sif Muna.
   523 | D        | Found a radiant altar of Vehumet.
   527 | D        | Became a worshipper of Sif Muna the Loreminder
   599 | D        | Found Siac's Assorted Antiques.
   599 | D        | Found an ancient bone altar of Kikubaaqudgha.
   599 | D        | Found a hazy altar of Hepliaklqana.
   599 | D        | Found a stormy altar of Qazlal.
   599 | D        | Found a hide-covered altar of Uskayaw.
   599 | D        | Found a blossoming altar of Fedhas.
   599 | D        | Found a bloodstained altar of Trog.
   599 | D        | Found an iron altar of Okawaru.
   599 | D        | Found a basalt altar of Yredelemnul.
   599 | D        | Found a glowing golden altar of the Shining One.
   599 | D        | Found a snail-covered altar of Cheibriados.
   599 | D        | Found a sacrificial altar of Ru.
   599 | D        | Found a glowing silver altar of Zin.
   599 | D        | Found a shadowy altar of Dithmenos.
   599 | D        | Found a white marble altar of Elyvilon.
   599 | D        | Noticed a yak
   608 | D        | Killed a yak
   608 | D        | Reached skill level 11 in Spellcasting
   608 | D        | Reached XP level 6. HP: 26/37 MP: 13/20
   699 | D        | Found an opulent altar of Gozag.
   700 | D        | Found a sparkling altar of Nemelex Xobeh.
   715 | D        | Found a burning altar of Makhleb.
   715 | D        | Found a viscous altar of Jiyva.
   715 | D        | Found a shimmering altar of Xom.
   715 | D        | Found a corrupted altar of Lugonu.
   715 | D        | Noticed a slime creature
   756 | D        | Killed a slime creature
   756 | D        | Reached * piety under Sif Muna
   756 | D        | Reached skill level 5 in Conjurations
   756 | D        | Reached XP level 7. HP: 27/42 MP: 6/22
   859 | D        | Noticed a kobold demonologist
   860 | D        | Noticed a kobold demonologist
   865 | D        | Paralysed by a floating eye for 2 turns
   865 | D        | Reached skill level 1 in Fighting
   865 | D        | Reached skill level 12 in Spellcasting
   868 | D        | Killed a kobold demonologist
   868 | D        | Reached skill level 1 in Fire Magic
   868 | D        | Reached skill level 1 in Poison Magic
   871 | D        | Killed a kobold demonologist
   871 | D        | Reached ** piety under Sif Muna
   871 | D        | Reached skill level 1 in Polearms
   871 | D        | Reached skill level 5 in Dodging
   871 | D        | Reached skill level 13 in Spellcasting
   871 | D        | Reached XP level 8. HP: 46/48 MP: 14/25
   896 | D        | Killed a gargoyle
   940 | D        | Noticed Sonja
   951 | D        | Killed Sonja
   951 | D        | Reached skill level 1 in Air Magic
  1146 | D        | Found Ahigyq's Gadget Boutique.
  1166 | D        | Noticed a deep troll
  1179 | D        | Killed a deep troll
  1179 | D        | Reached skill level 14 in Spellcasting
  1179 | D        | Reached XP level 9. HP: 55/55 MP: 14/27
  1262 | D        | Found Ozxootosu's Armour Emporium.
  1282 | D        | Learned a level 1 spell: Animate Skeleton
  1327 | D        | Noticed a centaur warrior
  1328 | D        | Noticed a centaur warrior
  1350 | D        | Banished a centaur warrior
  1350 | D        | Reached skill level 1 in Throwing
  1364 | D        | Killed a centaur warrior
  1364 | D        | Reached skill level 15 in Spellcasting
  1364 | D        | Reached skill level 5 in Invocations
  1382 | D        | Noticed a hornet
  1389 | D        | Killed a hornet
  1389 | D        | Reached *** piety under Sif Muna
  1524 | D        | Noticed an oklob plant
  1800 | D        | Learned a level 3 spell: Summon Guardian Golem
  1804 | D        | Learned a level 3 spell: Call Canine Familiar
  1806 | D        | Learned a level 1 spell: Apportation
  1811 | D        | Learned a level 4 spell: Summon Lightning Spire
  1816 | D        | Learned a level 4 spell: Summon Ice Beast
  1840 | D        | Noticed a shining eye
  1840 | D        | Noticed a shining eye
  1840 | D        | Noticed a shining eye
  1843 | D        | Paralysed by a floating eye for 4 turns
  1850 | D        | Paralysed by a floating eye for 4 turns
  1860 | D        | Paralysed by a floating eye for 3 turns
  1864 | D        | Paralysed by a floating eye for 4 turns
  1872 | D        | Paralysed by a floating eye for 3 turns
  1907 | D        | Killed a shining eye
  1907 | D        | Reached XP level 10. HP: 61/61 MP: 10/29
  1964 | D        | Killed a shining eye
  1964 | D        | Reached skill level 5 in Summonings
  1964 | D        | Reached skill level 1 in Ice Magic
  2014 | D        | Killed a shining eye
  2014 | D        | Reached **** piety under Sif Muna
  2035 | D        | Paralysed by a floating eye for 2 turns
  2040 | D        | Paralysed by a floating eye for 2 turns
  2046 | D        | Noticed a shining eye
  2046 | D        | Noticed a shining eye
  2046 | D        | Noticed a shining eye
  2073 | D        | Killed a shining eye
  2075 | D        | Paralysed by a floating eye for 4 turns
  2082 | D        | Killed a shining eye
  2082 | D        | Reached ***** piety under Sif Muna
  2082 | D        | Identified Nuicku's Almanac of Ashen Conjuration (Sif Muna
                  | gifted it to you in the Dungeon)
  2082 | D        | Received a gift from Sif Muna
  2089 | D        | Noticed a shining eye
  2089 | D        | Noticed a shining eye
  2102 | D        | Gained mutation: Your muscles are strong. (Str +2) [a
                  | shining eye]
  2113 | D        | Killed a shining eye
  2113 | D        | Reached skill level 1 in Hexes
  2120 | D        | Killed a shining eye
  2126 | D        | Killed a shining eye
  2142 | D        | Found Veaqei Dupt's Antique Weapon Shop.
  2142 | D        | Found Ujurezxi's Magic Scroll Shoppe.
  2142 | D        | Found Zud Iru Hee's Distillery.
  2142 | D        | Found Paerih Xysu's Armour Emporium.
  2165 | D        | Learned a level 2 spell: Searing Ray
  2170 | D        | Learned a level 4 spell: Sticky Flame
  2176 | D        | Learned a level 5 spell: Lightning Bolt
  2209 | D        | Bought a potion of heal wounds for 65 gold pieces
  2211 | D        | Bought a twisted scythe for 192 gold pieces
  2213 | D        | Identified the cursed +3 scythe "Lulobet" {flame, rPois
                  | rN++} (You bought it in a shop in the Dungeon)
  2241 | D        | Learned a level 5 spell: Irradiate
  2254 | D        | Killed an oklob plant
  2388 | D        | Received a gift from Sif Muna
  2401 | D        | Killed an unseen horror
  2401 | D        | Reached skill level 5 in Translocations
  2401 | D        | Reached skill level 5 in Fire Magic
  2404 | D        | Noticed an unseen horror
  2405 | D        | Killed an unseen horror
  2405 | D        | Reached skill level 16 in Spellcasting
  2410 | D        | Identified Sif Muna's Disquisition on Floating Moulding
                  | (Sif Muna gifted it to you in the Dungeon)
  2410 | D        | Received a gift from Sif Muna
  2410 | D        | Reached skill level 10 in Conjurations
  2410 | D        | Reached XP level 11. HP: 24/66 MP: 8/31
  2425 | D        | Learned a level 4 spell: Iskenderun's Mystic Blast
  2603 | D        | Identified Sif Muna's Incunabulum of Creative Ice (Sif Muna
                  | gifted it to you in the Dungeon)
  2603 | D        | Received a gift from Sif Muna
  2617 | D        | Found Zamyjaef's Jewellery Shoppe.
  2618 | D        | Found Fedy's Gadget Boutique.
  2618 | D        | Found Juim Ysu's Distillery.
  2618 | D        | Found Iwiu's Weapon Emporium.
  2619 | D        | Found Afreohy's Distillery.
  2620 | D        | Found Urghikhlof's Distillery.
  2644 | D        | Found Arymaoda's Jewellery Emporium.
  2644 | D        | Found Moipalov's Assorted Antiques.
  2644 | D        | Found Oppaasme's Distillery.
  2644 | D        | Found Ritusank's Gadget Boutique.
  2644 | D        | Found Xuempum's Food Emporium.
  2644 | D        | Found Zoed's Distillery.
  2644 | D        | Found Kaocrib's Food Shoppe.
  2648 | D        | Found Macwaaf's Weapon Boutique.
  2667 | D        | Bought a bronze ring for 115 gold pieces
  2668 | D        | Bought an uncursed ring of magical power for 200 gold
                  | pieces
  2668 | D        | Bought an uncursed ring of see invisible for 150 gold
                  | pieces
  2673 | D        | Bought an uncursed ring of protection from cold for 250
                  | gold pieces
  2674 | D        | Bought an uncursed ring of protection from fire for 275
                  | gold pieces
  2771 | D        | Reached skill level 5 in Ice Magic
  2793 | D        | HP: 2/65 [demonic crawler (7)]
  2793 | D        | Slain by a demonic crawler

Illustrated notes

Levels and vault maps discovered:
D:        dungeon_sprint_1 [red_sonja_temple_1, red_sonja_temple_small_1]

Skill      XL: |  1  2  3  4  5  6  7  8  9 10 11 |
---------------+----------------------------------+-----
Spellcasting   | 5 7 9 11 13 14 15 16 | 16.1
Conjurations   | 2 3 4 5 6 7 8 10 | 10.1
Dodging        | 3 4 5 |  5.5
Summonings     | 2 3 4 7 |  7.6
Fighting       | 1 2 |  2.9
Fire Magic     | 1 2 5 |  5.8
Poison Magic   | 1 2 4 |  4.3
Polearms       | 1 2 3 |  3.6
Translocations | 2 3 5 |  5.9
Air Magic      | 1 2 3 |  3.6
Invocations    | 4 5 |  5.6
Throwing       | 1 |  1.6
Ice Magic      | 4 5 |  5.0
Hexes          | 1 2 |  2.0
Stealth        | |  2.6
Necromancy     | |  0.1

Action                   |  1- 3 |  4- 6 |  7- 9 | 10-12 || total
-------------------------+-------+-------+-------+-------++-------
Melee: Unarmed           |    11 |       |       |       ||    11
       Constrict         |     1 |       |     5 |     3 ||     9
       Scythe            |       |     1 |     7 |    11 ||    19
       Tentacles         |       |       |     3 |     3 ||     6
       Dagger            |       |       |     9 |     2 ||    11
Throw: Dart              |       |       |     5 |       ||     5
 Cast: Magic Dart        |     7 |    14 |    14 |     3 ||    38
       Call Imp          |     2 |     5 |    14 |     4 ||    25
       Mephitic Cloud    |     1 |     1 |    15 |     4 ||    21
       Conjure Flame     |       |     4 |     2 |     1 ||     7
       Blink             |       |     1 |     3 |     1 ||     5
       Summon Guardian G |       |       |     2 |    11 ||    13
       Call Canine Famil |       |       |     2 |     3 ||     5
       Animate Skeleton  |       |       |     2 |     4 ||     6
       Summon Lightning  |       |       |     1 |       ||     1
       Summon Ice Beast  |       |       |       |    11 ||    11
       Lightning Bolt    |       |       |       |     5 ||     5
       Sticky Flame      |       |       |       |     4 ||     4
Invok: Forget Spell      |       |       |       |     1 ||     1
Evoke: Wand              |       |       |     1 |       ||     1
  Use: Potion            |     1 |       |     1 |     1 ||     3
       Scroll            |       |       |       |     2 ||     2
 Stab: Confused          |       |       |     2 |       ||     2
  Eat: Chunk             |       |       |     1 |       ||     1
       Ration            |       |       |       |     1 ||     1
Armor: Skin              |       |       |     1 |       ||     1
Dodge: Dodged            |     6 |     3 |    12 |    12 ||    33

Table legend:
 A = Non-vault XP
 B = Vault XP
 C = Vault XP percentage of total XP
 D = Non-vault monster count
 E = Vault monster count
 F = Vault count percentage of total count
                 A         B        C        D         E       F
            +---------+---------+-------+---------+---------+-------
      Total |       0 |   10065 | 100.0 |       0 |      47 | 100.0
            +---------+---------+-------+---------+---------+-------
          D |       0 |   10065 | 100.0 |       0 |      47 | 100.0
            +---------+---------+-------+---------+---------+-------
